 Dungeon Crawl Stone Soup version 0.29.0-5-ge4962eb29e (webtiles) character file.

Game seed: 4402930145904888464

84 themarg the Magician (level 4, -2/51 HPs)
             Began as a Gnoll Wanderer on Aug 29, 2022.
             Slain by a gnoll
             ... wielding a +0 halberd
              (6 damage)
             ... on level 3 of the Dungeon.
             The game lasted 00:05:50 (1856 turns).

themarg the Magician (Gnoll Wanderer)               Turns: 1856, Time: 00:05:50

Health: -2/51      AC: 22    Str: 16    XL:     4   Next: 45%
Magic:  13/13      EV:  2    Int: 10    God:
Gold:   102        SH:  0    Dex: 16    Spells: 16/17 levels left

rFire   . . .      SeeInvis .   a - +2 short sword
rCold   . . .      Faith    .   (no shield)
rNeg    . . .      Spirit   .   (body armour currently unavailable)
rPois   +          Reflect  .   (helmet currently unavailable)
rElec   .          Harm     .   (cloak currently unavailable)
rCorr   .          Rampage  .   (gloves currently unavailable)
Will    .....      NoTele   +   (boots currently unavailable)
Stlth   ++........              (no amulet)
HPRegen 0.17/turn               k - +6 ring of dexterity
MPRegen 0.13/turn               (no ring)

@: tree-form
A: stationary, stasis, torment immunity, boosted hp, (fangs 1), strong nose,
distributed training
a: no special abilities


You were on level 3 of the Dungeon.
You were a tree.
You visited 1 branch of the dungeon, and saw 3 of its levels.

You collected 102 gold pieces.

Inventory:

Hand Weapons
 a - a +2 short sword (weapon)
 c - a +0 dagger
 i - a +0 sling
 o - a +2 dagger of freezing
Missiles
 b - 13 boomerangs (quivered)
Armour
 e - a +0 leather armour (melded)
 g - a +0 helmet (melded)
 h - a +0 pair of gloves (melded)
Jewellery
 k - a +6 ring of dexterity (left branch)
Scrolls
 d - a scroll of fog
 f - 6 scrolls of identify {unknown}
 j - a scroll of blinking {unknown}
 l - a scroll of magic mapping {unknown}
 n - a scroll of teleportation {unknown}
Potions
 m - a potion of cancellation {unknown}
 p - a potion of resistance {unknown}
 r - a potion of flight {unknown}


   Skills:
 + Level 2.8 Fighting
 + Level 6.6 Short Blades
 + Level 1.2 Long Blades
 + Level 1.2 Axes
 + Level 1.2 Maces & Flails
 + Level 1.2 Polearms
 + Level 1.2 Staves
 + Level 1.2 Ranged Weapons
 + Level 2.8 Throwing
 + Level 1.2 Armour
 + Level 1.2 Dodging
 + Level 2.6 Stealth
 + Level 1.2 Shields
 + Level 1.2 Unarmed Combat
 + Level 7.2 Spellcasting
 + Level 1.0 Conjurations
 + Level 1.0 Hexes
 + Level 1.0 Summonings
 + Level 2.2 Necromancy
 + Level 1.0 Translocations
 + Level 1.0 Transmutations
 + Level 1.0 Fire Magic
 + Level 1.0 Ice Magic
 + Level 1.0 Air Magic
 + Level 1.0 Earth Magic
 + Level 1.0 Poison Magic
 + Level 1.3 Invocations
 + Level 1.2 Evocations


You had 16 spell levels left.
You knew the following spells:

 Your Spells              Type           Power      Damage    Failure   Level
a - Necrotise             Necr           32%        1d5       7%          1

Your spell library contained the following spells:

 Spells                   Type           Power      Damage    Failure   Level
 Sandblast                Erth           10%        2d5       12%         1
 Blink                    Tloc           10%        N/A       19%         2
 Passwall                 Tmut/Erth      4%         N/A       19%         2
 Vampiric Draining        Necr           8%         2d6       22%         3
 Stone Arrow              Conj/Erth      10%        3d7       36%         3
 Passage of Golubria      Tloc           5%         N/A       77%         4
 Sticky Flame             Conj/Fire      5%         2d3       77%         4


Dungeon Overview and Level Annotations

Branches:
Dungeon (3/15)

Altars:

Annotations:
D:3 2 transporters


Innate Abilities, Weirdness & Mutations

You are a tree.
Your roots penetrate the ground, keeping you stationary.
You cannot be teleported.
You are immune to unholy pain and torment.
Your maximum health is greatly increased.
Your equipment is partially melded.
((You have very sharp teeth.))
Your uncanny sense of smell can sniff out nearby items.
Your experience applies equally to all skills.


Message History

You see here a +0 spear.
A gnoll comes into view. It is wielding a +0 halberd.
The gnoll shouts!
Found a stone staircase leading up.
The gnoll hits you with a +0 flail.
The gnoll shouts!
You hit the gnoll.
The gnoll is moderately wounded.
You barely miss the gnoll.
The gnoll is moderately wounded.
The gnoll hits you with a +0 flail.
You hit the gnoll but do no damage.
The gnoll is moderately wounded.
The gnoll misses you.
You hit the gnoll.
The gnoll is heavily wounded.
The gnoll hits you from afar with a +0 halberd!
The gnoll hits you with a +0 flail.
* * * LOW HITPOINT WARNING * * *
The gnoll attacks as you move away! The gnoll closely misses you.
The gnoll attacks as you move away! The gnoll hits you with a +0 flail.
* * * LOW HITPOINT WARNING * * *
It was a potion of lignification.
You turn into a tree.
Your +0 helmet melds into your body.
Your +0 pair of gloves melds into your body.
Your +0 leather armour melds into your body.
Your roots penetrate the ground.
The gnoll hits you but does no damage. x2
You hit the gnoll.
The gnoll is severely wounded.
The gnoll hits you but does no damage. The gnoll hits you with a +0 flail.
* * * LOW HITPOINT WARNING * * *
You barely miss the gnoll.
The gnoll is severely wounded.
You hit the gnoll but do no damage.
The gnoll is severely wounded.
The gnoll hits you but does no damage. The gnoll hits you with a +0 flail.
* * * LOW HITPOINT WARNING * * *
You barely miss the gnoll.
The gnoll is severely wounded.
The gnoll hits you from afar with a +0 halberd.
You die...

#..#.#....................
...........#######....###
..........# #....# #
#...#....# #....#
.#'#........# #....#
.....#......# #....#
.....'.g....# #....###
.....##..g### #.#..... ...
###♣###### #.#.#### .
#......####.#.#8P# ∆
###....#....#.#P.#
#....#.#.#..#..#
##..##.#...©#©/+
##.##.###..#..#
#..#.####.#P.#
##.)...##.#8P#
######.#.##.####


You could see 2 gnolls.

Vanquished Creatures
  A gnoll (D:3)
  2 adders (D:2)
  2 worms (D:2)
  2 dart slugs (D:1)
  An orc (D:3)
  3 endoplasms
  4 giant cockroaches
  2 goblins
  6 hobgoblins
  6 quokkas
  3 ball pythons
  2 bats (D:1)
  3 frilled lizards (D:2)
  3 kobolds
  3 rats
43 creatures vanquished.

Notes
Turn   | Place    | Note
-------+----------+-------------------------------------------
     0 | D:1      | themarg the Gnoll Wanderer began the quest for the Orb.
     0 | D:1      | themarg set off with the following items: a +2 short sword,
                  | 9 boomerangs, a +0 dagger, a scroll of fog, a +0 leather
                  | armour; and the following spell memorised: Necrotise; and
                  | the following spells available to memorise: Vampiric
                  | Draining.
     0 | D:1      | Reached XP level 1. HP: 17/17 MP: 8/8
   149 | D:1      | Reached XP level 2. HP: 23/23 MP: 10/10
   265 | D:1      | Found a faded altar of an unknown god.
   608 | D:1      | Reached XP level 3. HP: 25/28 MP: 11/11
  1017 | D:2      | Reached skill level 1 in Invocations
  1152 | D:2      | Reached skill level 1 in Long Blades
  1152 | D:2      | Reached skill level 1 in Axes
  1152 | D:2      | Reached skill level 1 in Maces & Flails
  1152 | D:2      | Reached skill level 1 in Polearms
  1152 | D:2      | Reached skill level 1 in Staves
  1152 | D:2      | Reached skill level 1 in Ranged Weapons
  1152 | D:2      | Reached skill level 1 in Armour
  1152 | D:2      | Reached skill level 1 in Dodging
  1152 | D:2      | Reached skill level 1 in Shields
  1152 | D:2      | Reached skill level 1 in Unarmed Combat
  1152 | D:2      | Reached skill level 1 in Evocations
  1393 | D:2      | Reached XP level 4. HP: 31/34 MP: 13/13
  1473 | D:2      | Got the Directory of Incorporation
  1647 | D:3      | Found a transporter.
  1668 | D:3      | Found a transporter.
  1779 | D:3      | Reached skill level 1 in Conjurations
  1779 | D:3      | Reached skill level 1 in Hexes
  1779 | D:3      | Reached skill level 1 in Summonings
  1779 | D:3      | Reached skill level 1 in Translocations
  1779 | D:3      | Reached skill level 1 in Transmutations
  1779 | D:3      | Reached skill level 1 in Fire Magic
  1779 | D:3      | Reached skill level 1 in Ice Magic
  1779 | D:3      | Reached skill level 1 in Air Magic
  1779 | D:3      | Reached skill level 1 in Earth Magic
  1779 | D:3      | Reached skill level 1 in Poison Magic
  1856 | D:3      | Slain by a gnoll

Illustrated notes

Levels and vault maps discovered:
D:1:      reono_arrival_forest_river, layout_basic,
          ebering_ecumenical_altar_abandoned, reono_crystal_passage
D:2:      layout_loops_ring
D:3:      gammafunk_wand_slinger, layout_basic, nicolae_hexahallways

Skill      XL: |  1  2  3  4 |
---------------+-------------+-----
Necromancy     | 2 |  2.2
Invocations    | 1 |  1.3
Long Blades    | 1 |  1.2
Axes           | 1 |  1.2
Maces & Flails | 1 |  1.2
Polearms       | 1 |  1.2
Staves         | 1 |  1.2
Ranged Weapons | 1 |  1.2
Armour         | 1 |  1.2
Dodging        | 1 |  1.2
Shields        | 1 |  1.2
Unarmed Combat | 1 |  1.2
Evocations     | 1 |  1.2
Conjurations   | 1 |  1.0
Hexes          | 1 |  1.0
Summonings     | 1 |  1.0
Translocations | 1 |  1.0
Transmutations | 1 |  1.0
Fire Magic     | 1 |  1.0
Ice Magic      | 1 |  1.0
Air Magic      | 1 |  1.0
Earth Magic    | 1 |  1.0
Poison Magic   | 1 |  1.0
Fighting       | |  2.8
Short Blades   | |  6.6
Throwing       | |  2.8
Stealth        | |  2.6
Spellcasting   | |  7.2

Action                   |  1- 3 |  4- 6 || total
-------------------------+-------+-------++-------
Melee: Short sword       |   104 |    24 ||   128
       Bite              |    11 |     1 ||    12
       Punch             |     3 |       ||     3
  Use: Potion            |       |     1 ||     1
 Stab: Sleeping          |     6 |     4 ||    10
Armor: Leather armour    |    24 |       ||    24
       Skin              |       |     4 ||     4
Dodge: Dodged            |    37 |     8 ||    45
